3AAA
AUSTIN BLACK MAMBAS @ SANTA BARBARA GOLDEN CRANES
05/07/2056
 
TOP OF THE 1ST
Austin Black Mambas batting - Pitching for Santa Barbara Golden Cranes : RHP Bill Hill
Pitching: RHP Bill Hill
Batting: LHB Jeremy Dean 0-0: DOUBLE (Line Drive, 8LXD, EV 109.4 MPH)
Batting: RHB Leon Burns 0-0: Ball
1-0: Ball
2-0: Ball
3-0: Called Strike
3-1: Base on Balls
Batting: LHB Mike O'Kennelly 0-0: Fielders Choice at 2nd, 6-4 (Groundball, 6, EV 82.5 MPH)
Jeremy Dean to third
Batting: LHB Dave Wise 0-0: Ball
1-0: Ball
2-0: Ball
3-0: Called Strike
3-1: Base on Balls
Mike O'Kennelly to second
Batting: RHB Richard Tanner 0-0: Called Strike
0-1: Foul Ball, location: 2F
0-2: Strikes out swinging
Batting: RHB Eric Duncan 0-0: Foul Ball, location: 2F
0-1: Ground out 6-3 (Groundball, 56, EV 104.4 MPH)
Top of the 1st over - 0 runs, 1 hit, 0 errors, 3 left on base; Austin 0 - Santa Barbara 0
BOTTOM OF THE 1ST
Santa Barbara Golden Cranes batting - Pitching for Austin Black Mambas : LHP Jeremy Dean
Pitching: LHP Jeremy Dean
Batting: RHB Doug Miller 0-0: Ball
1-0: Foul Ball, location: 2F
1-1: Foul Ball, location: 2F
1-2: Ball
2-2: Ball
3-2: SINGLE (Flyball, 78S, EV 85.0 MPH)
Batting: RHB David Alcabú 0-0: Ball
1-0: Ball
2-0: Ball
3-0: Called Strike
3-1: Grounds into double play, 4-6-3 (Groundball, 4, EV 83.8 MPH)
Batting: LHB Jae-seop Byeon 0-0: Ball
1-0: Ball
2-0: Ball
3-0: Called Strike
3-1: Swinging Strike
3-2: Ground out U3 (Groundball, 13, EV 80.0 MPH)
Bottom of the 1st over - 0 runs, 1 hit, 0 errors, 0 left on base; Austin 0 - Santa Barbara 0
TOP OF THE 2ND
Austin Black Mambas batting - Pitching for Santa Barbara Golden Cranes : RHP Bill Hill
Batting: SHB Gonzalo Ordóñez 0-0: Ground out U3 (Groundball, 3D, EV 98.1 MPH)
Batting: RHB Jon Anderson 0-0: Ball
1-0: Ball
2-0: Called Strike
2-1: Called Strike
2-2: Foul Ball, location: 2F
2-2: Ground out 5-3 (Groundball, 56, EV 82.5 MPH)
Batting: RHB Albert Morgan 0-0: Ground out U3 (Groundball, 34, EV 79.4 MPH)
Top of the 2nd over - 0 runs, 0 hits, 0 errors, 0 left on base; Austin 0 - Santa Barbara 0
BOTTOM OF THE 2ND
Santa Barbara Golden Cranes batting - Pitching for Austin Black Mambas : LHP Jeremy Dean
Batting: RHB Bill Davis 0-0: SINGLE (Line Drive, 78S, EV 107.5 MPH)
Batting: RHB Jeremy Gutiérrez 0-0: Called Strike
0-1: Swinging Strike
0-2: Strikes out swinging
Batting: LHB José Téllez 0-0: Ball
1-0: Called Strike
1-1: Ball
2-1: Foul Ball, location: 2F
2-2: Foul Ball, location: 2F
2-2: Ball
3-2: Strikes out swinging
Batting: RHB Jeff Austin 0-0: Called Strike
0-1: Called Strike
0-2: Strikes out swinging
Bottom of the 2nd over - 0 runs, 1 hit, 0 errors, 1 left on base; Austin 0 - Santa Barbara 0
TOP OF THE 3RD
Austin Black Mambas batting - Pitching for Santa Barbara Golden Cranes : RHP Bill Hill
Batting: LHB Jeremy Dean 0-0: Ball
1-0: Swinging Strike
1-1: Fly out, F9 (Flyball, 9LM, EV 83.8 MPH)
Batting: RHB Leon Burns 0-0: Ball
1-0: Foul Ball, location: 2F
1-1: Swinging Strike
1-2: Foul Ball, location: 2F
1-2: Ground out 6-3 (Groundball, 6, EV 110.0 MPH)
Batting: LHB Mike O'Kennelly 0-0: SOLO HOME RUN (Flyball, 9LD, EV 93.8 MPH), Distance : 345 ft
Batting: LHB Dave Wise 0-0: Called Strike
0-1: Hit by Pitch
Batting: RHB Richard Tanner 0-0: Ball
1-0: Ball
2-0: Called Strike
2-1: Fly out, F8 (Flyball, 78M, EV 88.1 MPH)
Top of the 3rd over - 1 run, 1 hit, 0 errors, 1 left on base; Austin 1 - Santa Barbara 0
BOTTOM OF THE 3RD
Santa Barbara Golden Cranes batting - Pitching for Austin Black Mambas : LHP Jeremy Dean
Batting: RHB Weiner Blau 0-0: Foul Ball, location: 2F
0-1: Foul Ball, location: 2F
0-2: Foul Ball, location: 2F
0-2: Ground out 6-3 (Groundball, 6, EV 84.4 MPH)
Batting: LHB Jamie Moss 0-0: Ball
1-0: Foul Ball, location: 2F
1-1: Swinging Strike
1-2: Ground out 5-3 (Groundball, 56, EV 99.4 MPH)
Batting: RHB Doug Miller 0-0: Foul Ball, location: 2F
0-1: Ball
1-1: DOUBLE (Line Drive, 9LM, EV 110.6 MPH)
Batting: RHB David Alcabú 0-0: Called Strike
0-1: Swinging Strike
0-2: Ball
1-2: Ball
2-2: Foul Ball, location: 2F
2-2: Ball
3-2: Base on Balls
Batting: LHB Jae-seop Byeon 0-0: Ball
1-0: Called Strike
1-1: Called Strike
1-2: Strikes out swinging
Bottom of the 3rd over - 0 runs, 1 hit, 0 errors, 2 left on base; Austin 1 - Santa Barbara 0
TOP OF THE 4TH
Austin Black Mambas batting - Pitching for Santa Barbara Golden Cranes : RHP Bill Hill
Batting: RHB Eric Duncan 0-0: Called Strike
0-1: Swinging Strike
0-2: Foul Ball, location: 2F
0-2: Ball
1-2: Ball
2-2: Ball
3-2: DOUBLE (Flyball, 8LXD, EV 87.5 MPH)
Batting: SHB Gonzalo Ordóñez 0-0: Fly out, F7 (Flyball, 7LS, EV 66.9 MPH)
Batting: RHB Jon Anderson 0-0: Ball
1-0: Ball
2-0: SINGLE (Groundball, 56D, EV 109.4 MPH) (infield hit)
Eric Duncan to third
Batting: RHB Albert Morgan 0-0: Ball
Jon Anderson steals 2nd base
1-0: Called Strike
1-1: Ball
2-1: Ground out 6-3 (Groundball, 6MS, EV 85.0 MPH)
Eric Duncan scores
Jon Anderson to third
Batting: LHB Jeremy Dean 0-0: Called Strike
0-1: Ball
1-1: SINGLE (Flyball, 7LS, EV 85.6 MPH)
Jon Anderson scores
Batting: RHB Leon Burns 0-0: Ball
1-0: Foul Ball, location: 2F
1-1: Ball
2-1: Swinging Strike
2-2: Foul Ball, location: 2F
2-2: Ball
3-2: Base on Balls
Jeremy Dean to second
Batting: LHB Mike O'Kennelly 0-0: Swinging Strike
0-1: Foul Ball, location: 2F
0-2: Ball
1-2: Fly out, F9 (Line Drive, 9, EV 88.8 MPH)
Top of the 4th over - 2 runs, 3 hits, 0 errors, 2 left on base; Austin 3 - Santa Barbara 0
BOTTOM OF THE 4TH
Santa Barbara Golden Cranes batting - Pitching for Austin Black Mambas : LHP Jeremy Dean
Batting: RHB Bill Davis 0-0: Foul Ball, location: 2F
0-1: Called Strike
0-2: Ball
1-2: Foul Ball, location: 2F
1-2: Foul Ball, location: 2F
1-2: Foul Ball, location: 2F
1-2: Ground out 6-3 (Groundball, 4M, EV 91.9 MPH)
Batting: RHB Jeremy Gutiérrez 0-0: Ball
1-0: Swinging Strike
1-1: Ball
2-1: Called Strike
2-2: Ball
3-2: Strikes out looking
Batting: LHB José Téllez 0-0: Ball
1-0: Swinging Strike
1-1: Ball
2-1: Foul Ball, location: 2F
2-2: SINGLE (Groundball, 6D, EV 103.1 MPH)
Batting: RHB Jeff Austin 0-0: Called Strike
0-1: Ball
1-1: Ball
2-1: Swinging Strike
2-2: Ball
3-2: Fly out, F7 (Flyball, 7LS, EV 94.4 MPH)
Bottom of the 4th over - 0 runs, 1 hit, 0 errors, 1 left on base; Austin 3 - Santa Barbara 0
TOP OF THE 5TH
Austin Black Mambas batting - Pitching for Santa Barbara Golden Cranes : RHP Bill Hill
Batting: LHB Dave Wise 0-0: Called Strike
0-1: Swinging Strike
0-2: Ball
1-2: Ball
2-2: Foul Ball, location: 2F
2-2: Ball
3-2: SOLO HOME RUN (Line Drive, 9LD, EV 91.9 MPH), Distance : 330 ft
Batting: RHB Richard Tanner 0-0: Called Strike
0-1: Ball
1-1: Ball
2-1: Ball
3-1: Called Strike
3-2: Foul Ball, location: 2F
3-2: Strikes out looking
Batting: RHB Eric Duncan 0-0: Called Strike
0-1: Called Strike
0-2: Foul Ball, location: 2F
0-2: Ball
1-2: SINGLE (Groundball, 56D, EV 98.8 MPH) (infield hit)
Batting: SHB Gonzalo Ordóñez 0-0: Ball
1-0: SINGLE (Groundball, 34D, EV 106.2 MPH)
Eric Duncan to second
Runner from 2nd tries for 3rd, SAFE, throw by RF made to third
Batting: RHB Jon Anderson 0-0: Ball
1-0: Swinging Strike
1-1: DOUBLE (Line Drive, 9LM, EV 110.6 MPH)
Eric Duncan scores
Gonzalo Ordóñez to third
Pitching: RHP Cisco Morales
Batting: RHB Albert Morgan 0-0: Ball
1-0: Ball
2-0: Called Strike
2-1: Foul Ball, location: 2F
2-2: Ground out 3-1 (Groundball, 34, EV 108.1 MPH)
Gonzalo Ordóñez scores
Jon Anderson to third
Batting: LHB Jeremy Dean 0-0: Called Strike
0-1: Ball
1-1: Swinging Strike
1-2: Strikes out looking
Top of the 5th over - 3 runs, 4 hits, 0 errors, 1 left on base; Austin 6 - Santa Barbara 0
BOTTOM OF THE 5TH
Santa Barbara Golden Cranes batting - Pitching for Austin Black Mambas : LHP Jeremy Dean
Batting: RHB Weiner Blau 0-0: Ball
1-0: Ball
2-0: Ground out 6-3 (Groundball, 6, EV 108.8 MPH)
Batting: LHB Jamie Moss 0-0: Ball
1-0: Called Strike
1-1: Ground out 4-3 (Groundball, 4M, EV 84.4 MPH)
Batting: RHB Doug Miller 0-0: Ball
1-0: Called Strike
1-1: Fly out, F9 (Flyball, 9, EV 84.4 MPH)
Bottom of the 5th over - 0 runs, 0 hits, 0 errors, 0 left on base; Austin 6 - Santa Barbara 0
TOP OF THE 6TH
Austin Black Mambas batting - Pitching for Santa Barbara Golden Cranes : RHP Cisco Morales
Batting: RHB Leon Burns 0-0: Ball
1-0: TRIPLE (Flyball, 89XD, EV 98.1 MPH)
Batting: LHB Mike O'Kennelly 0-0: Ball
1-0: Swinging Strike
1-1: SINGLE (Groundball, 4MD, EV 108.1 MPH)
Leon Burns scores
Batting: LHB Dave Wise 0-0: Ball
1-0: Ball
2-0: Foul Ball, location: 2F
2-1: Foul Ball, location: 2F
2-2: Strikes out swinging
Batting: RHB Richard Tanner 0-0: Grounds into double play, 6-4-3 (Groundball, 6, EV 86.9 MPH)
Top of the 6th over - 1 run, 2 hits, 0 errors, 0 left on base; Austin 7 - Santa Barbara 0
BOTTOM OF THE 6TH
Santa Barbara Golden Cranes batting - Pitching for Austin Black Mambas : LHP Jeremy Dean
Batting: RHB David Alcabú 0-0: Called Strike
0-1: Ground out 6-3 (Groundball, 6, EV 87.5 MPH)
Batting: LHB Jae-seop Byeon 0-0: Called Strike
0-1: DOUBLE (Groundball, 3L, EV 111.2 MPH)
Batting: RHB Bill Davis 0-0: Ground out 6-3 (Groundball, 6, EV 88.8 MPH)
Jae-seop Byeon to third
Batting: RHB Jeremy Gutiérrez 0-0: Called Strike
0-1: Ball
1-1: Ball
2-1: Foul Ball, location: 2F
2-2: SINGLE (Line Drive, 78M, EV 90.0 MPH)
Jae-seop Byeon scores
Batting: LHB José Téllez 0-0: Called Strike
0-1: Called Strike
Jeremy Gutiérrez is caught stealing 2nd base 2-6
Bottom of the 6th over - 1 run, 2 hits, 0 errors, 0 left on base; Austin 7 - Santa Barbara 1
TOP OF THE 7TH
Austin Black Mambas batting - Pitching for Santa Barbara Golden Cranes : RHP Cisco Morales
Batting: RHB Eric Duncan 0-0: Called Strike
0-1: Swinging Strike
0-2: Ball
1-2: Foul Ball, location: 2F
1-2: Foul Ball, location: 2F
1-2: Strikes out swinging
Batting: SHB Gonzalo Ordóñez 0-0: Called Strike
0-1: Swinging Strike
0-2: Strikes out swinging
Batting: RHB Jon Anderson 0-0: Called Strike
0-1: Ball
1-1: Foul Ball, location: 2F
1-2: Ball
2-2: Foul Ball, location: 2F
2-2: Ball
3-2: Foul Ball, location: 2F
3-2: Fly out, F9 (Flyball, 9D, EV 100.0 MPH)
Top of the 7th over - 0 runs, 0 hits, 0 errors, 0 left on base; Austin 7 - Santa Barbara 1
BOTTOM OF THE 7TH
Santa Barbara Golden Cranes batting - Pitching for Austin Black Mambas : LHP Jeremy Dean
Batting: LHB José Téllez 0-0: Called Strike
0-1: SINGLE (Line Drive, 6D, EV 108.1 MPH)
Pitching: RHP Quinton Lee
Batting: RHB Jeff Austin 0-0: Swinging Strike
0-1: Ball
1-1: Swinging Strike
1-2: Strikes out swinging
Batting: RHB Weiner Blau 0-0: Foul Ball, location: 2F
0-1: Called Strike
0-2: Ball
1-2: Ball
2-2: Ball
3-2: Fly out, F8 (Line Drive, 89M, EV 91.2 MPH)
Batting: LHB Jamie Moss 0-0: Called Strike
0-1: SINGLE (Groundball, 6M, EV 109.4 MPH) (infield hit)
José Téllez to second
Batting: RHB Doug Miller 0-0: Called Strike
0-1: Ball
1-1: Fielders Choice at 2nd, 6-4 (Groundball, 6, EV 80.0 MPH)
Bottom of the 7th over - 0 runs, 2 hits, 0 errors, 2 left on base; Austin 7 - Santa Barbara 1
TOP OF THE 8TH
Austin Black Mambas batting - Pitching for Santa Barbara Golden Cranes : RHP Cisco Morales
Batting: RHB Albert Morgan 0-0: Swinging Strike
0-1: Foul Ball, location: 2F
0-2: Ball
1-2: Strikes out swinging
Batting: LHB Jeremy Dean 0-0: Called Strike
0-1: Ball
1-1: Swinging Strike
1-2: Ball
2-2: Strikes out swinging
Batting: RHB Leon Burns 0-0: Swinging Strike
0-1: Ball
1-1: Called Strike
1-2: Foul Ball, location: 2F
1-2: Strikes out swinging
Top of the 8th over - 0 runs, 0 hits, 0 errors, 0 left on base; Austin 7 - Santa Barbara 1
BOTTOM OF THE 8TH
Santa Barbara Golden Cranes batting - Pitching for Austin Black Mambas : RHP Quinton Lee
Batting: RHB David Alcabú 0-0: Ball
1-0: Ball
2-0: Swinging Strike
2-1: SINGLE (Line Drive, 9S, EV 108.8 MPH)
Batting: LHB Jae-seop Byeon 0-0: Grounds into double play, 4-6-3 (Groundball, 34, EV 100.6 MPH)
Batting: RHB Bill Davis 0-0: Foul Ball, location: 2F
0-1: Ground out 3-1 (Groundball, 34, EV 106.9 MPH)
Bottom of the 8th over - 0 runs, 1 hit, 0 errors, 0 left on base; Austin 7 - Santa Barbara 1
TOP OF THE 9TH
Austin Black Mambas batting - Pitching for Santa Barbara Golden Cranes : RHP Cisco Morales
Batting: LHB Mike O'Kennelly 0-0: Fly out, F8 (Flyball, 8LD, EV 108.1 MPH)
Batting: LHB Dave Wise 0-0: Called Strike
0-1: Hit by Pitch
Pitching: RHP Nolan McGowan
Batting: RHB Richard Tanner Pickoff Throw to First - Out! 1-3 CS
0-0: Ball
1-0: Swinging Strike
1-1: Foul Ball, location: 2F
1-2: Ball
2-2: Ball
3-2: Strikes out swinging
Top of the 9th over - 0 runs, 0 hits, 0 errors, 0 left on base; Austin 7 - Santa Barbara 1
BOTTOM OF THE 9TH
Santa Barbara Golden Cranes batting - Pitching for Austin Black Mambas : RHP Quinton Lee
Batting: RHB Jeremy Gutiérrez 0-0: Swinging Strike
0-1: Ball
1-1: Foul Ball, location: 2F
1-2: Foul Ball, location: 2F
1-2: Strikes out swinging
Batting: LHB José Téllez 0-0: Called Strike
0-1: Ball
1-1: Swinging Strike
1-2: SINGLE (Groundball, 6MD, EV 100.0 MPH)
Batting: RHB Jeff Austin 0-0: Grounds into double play, 5-4-3 (Groundball, 56S, EV 87.5 MPH)
Bottom of the 9th over - 0 runs, 1 hit, 0 errors, 0 left on base; Austin 7 - Santa Barbara 1
Tuesday, October 15th , 2024 - OOTP Baseball 25.9 Build 91